 Dungeon Crawl Stone Soup version 0.29.0-5-ge4962eb29e (webtiles) character file.

Game seed: 13007316610804603540

212 sanka the Insei (level 6, -1/51 HPs)
             Began as a Meteoran Delver on Aug 28, 2022.
             Slain by a black bear (4 damage)
             ... on level 4 of the Dungeon.
             The game lasted 00:01:37 (189 turns).

sanka the Insei (Meteoran Delver)                    Turns: 189, Time: 00:01:38

Health: -1/51      AC:  3    Str: 14    XL:     6   Next: 36%
Magic:  7/7        EV: 12    Int: 13    God:
Gold:   9          SH:  0    Dex: 16    Spells: 5/5 levels left

rFire   . . .      SeeInvis .     - Unarmed
rCold   . . .      Faith    .   (no shield)
rNeg    . . .      Spirit   .   a - +0 leather armour
rPois   .          Reflect  .   (no helmet)
rElec   .          Harm     .   (no cloak)
rCorr   .          Rampage  .   (no gloves)
Will    .....                   (no boots)
Stlth   +.........              (no amulet)
HPRegen 0.17/turn               (no ring)
MPRegen 0.10/turn               (no ring)

@: hasted, glowing, very quick
A: sense surroundings 1, otherworldly, glowing, explore regen
a: no special abilities


You were on level 4 of the Dungeon.
You visited 1 branch of the dungeon, and saw 2 of its levels.

You collected 9 gold pieces.


Innate Abilities, Weirdness & Mutations

You passively map a small area around you.
You are easily found by Zot.
You glow in the dark.
You regain HP and MP as you explore.


   Skills:
 - Level 3.2 Fighting
 - Level 2.4 Dodging
 - Level 3.7 Stealth
 + Level 7.1 Unarmed Combat


You had 5 spell levels left.
You didn't know any spells.
Your spell library was empty.

Inventory:

Armour
 a - a +0 leather armour (worn)
Wands
 f - a wand of digging (3)
 g - a wand of light (4)
Scrolls
 b - a scroll of fog
 c - a scroll of magic mapping
 d - a scroll of fear

Dungeon Overview and Level Annotations

Branches:
Dungeon (5/15) Zot: 1016
 Temple: D:4-7

Altars:

Shops:
D:5

( ........▒ , , ........▒
░, ,░ , ...>..).▒ ░ ░ , ,
........+ ▒ , ░░, , ,
........▒ ▒. ░ , ,
.▒▒▒..▒▒▒ ▒.▒▒▒▒▒▒▒▒+▒▒▒▒
▒▒▒▒..▒▒▒▒▒.............▒
,
▒▒........▒....h........▒
, ,
..........▒...Khp.....†.▒,
,
.▒▒▒▒▒....▒▒▒▒'▒▒▒▒▒▒▒▒)▒,
, , ░ ▒▒...▒ ▒... ▒▒▒..▒,,
, ░ ▒...▒▒..... ░▒....▒ ,,
░ ▒...▒.......▒▒....▒ , ░
, , ▒...▒.......▒.....▒ ,
, ▒.▒▒▒.......▒....▒▒░░░ ,
░░, ▒...▒▒.....▒▒....▒
,,,, , ░▒...▒░░ , ▒..▒▒▒


You could see 2 black bears and a kobold.


Message History

The bolt of light hits the black bear!
The black bear is moderately wounded.
The black bear is blinded.
The black bear closely misses you. The black bear completely misses you.
The black bear claws you but does no damage.
You don't have any such object.
Evoke which item? (* to show all) (? for menu, Esc to quit)
You don't have any such object.
Evoke which item? (* to show all) (? for menu, Esc to quit)
Okay, then.
You punch the black bear!
The black bear is severely wounded.
The black bear barely misses you. The black bear closely misses you.
The black bear barely misses you.
Unknown command.
You feel yourself speed up. The black bear bites you!
* * * LOW HITPOINT WARNING * * *
The black bear claws you.
* * * LOW HITPOINT WARNING * * *
The black bear closely misses you.
Unknown command.
You closely miss the black bear.
The black bear is heavily wounded.
The black bear barely misses you. The black bear completely misses you.
The black bear claws you.
You die...

Action                   |  1- 3 |  4- 6 || total
-------------------------+-------+-------++-------
Melee: Unarmed           |     4 |    42 ||    46
       Punch             |       |     2 ||     2
Evoke: Wand              |     2 |     2 ||     4
  Use: Potion            |       |     1 ||     1
 Stab: Invisible         |     1 |     2 ||     3
Armor: Leather armour    |       |     7 ||     7
Dodge: Dodged            |     1 |    37 ||    38

Levels and vault maps discovered:
D:4:      minmay_opposing_rooms, layout_gridville,
          nicolae_ru_sacrificial_ziggurat, minmay_temple_entry_glass,
          enter_ossuary_5, dk_vineyard_3, minmay_shop_grid_forest,
          nicolae_shop_i_like_big_books, nicolae_shop_self_help
D:5:      layout_gridville, serial_shops, nicolae_shop_bloodbath_and_beyond,
          uniq_sigmund, uniq_blork_the_orc

Notes
Turn   | Place    | Note
-------+----------+-------------------------------------------
     0 | D:5      | sanka the Meteoran Delver began the quest for the Orb.
     0 | D:5      | Reached XP level 1. HP: 19/19 MP: 2/2
     3 | D:5      | Found Rabioc's Weapon Shop.
     9 | D:5      | Noticed Sigmund
    21 | D:5      | Killed Sigmund
    22 | D:5      | Reached skill level 6 in Unarmed Combat
    22 | D:5      | Reached XP level 2. HP: 3/26 MP: 3/3
    22 | D:5      | Reached XP level 3. HP: 3/31 MP: 4/4
    22 | D:5      | Reached XP level 4. HP: 4/38 MP: 5/5
    22 | D:5      | Reached XP level 5. HP: 5/45 MP: 6/6
    22 | D:5      | Reached XP level 6. HP: 6/51 MP: 7/7
    29 | D:5      | HP: 2/51 [white imp/puff of frost (7)]
   108 | D:4      | Noticed a black bear
   171 | D:4      | Reached skill level 7 in Unarmed Combat
   179 | D:4      | Noticed a black bear
   188 | D:4      | HP: 3/51 [black bear (3)]
   189 | D:4      | Slain by a black bear

Vanquished Creatures
  Sigmund (D:5)
  An iguana (D:4)
  An adder (D:4)
  An orc (D:4)
  A goblin (D:4)
  A quokka (D:4)
  A ball python (D:4)
  2 kobolds (D:4)
9 creatures vanquished.
